 Dungeon Crawl Stone Soup version 0.29-a0-555-g3b24f45cc1 (webtiles) character file.

Game seed: 1905787704558182096

3117 testman the Basher (level 10, -4/94 HPs)
             Began as a Meteoran Wanderer on June 7, 2022.
             Was a Priest of Trog.
             Slain by a deep troll (12 damage)
             ... on level 8 of the Dungeon.
             The game lasted 00:25:31 (2581 turns).

testman the Basher (Meteoran Wanderer)              Turns: 2581, Time: 00:25:32

Health: -4/94      AC: 10    Str: 18    XL:     10   Next: 36%
Magic:  13/13      EV:  9    Int: 11    God:    Trog [***...]
Gold:   428        SH:  4    Dex: 17    Spells: 11/11 levels left

rFire   . . .      SeeInvis .   k - +4 flail of Wyrd {freeze, rPois rC- Stlth+}
rCold   . . .      Faith    .   b - +0 buckler
rNeg    + . .      Spirit   .   z - +2 scale mail {rPois}
rPois   +          Reflect  .   (no helmet)
rElec   .          Harm     .   (no cloak)
rCorr   .          Rampage  .   (no gloves)
Will    +++..                   n - +0 pair of boots
Stlth   +.........              (no amulet)
HPRegen 1.25/turn               h - ring of protection from cold
MPRegen 0.13/turn               i - ring of positive energy

@: strong-willed (expiring), on berserk cooldown, regenerating (expiring),
slowed, glowing, very slow
A: sense surroundings 2, otherworldly, glowing, explore regen
a: Renounce Religion, Berserk, Trog's Hand


You were on level 8 of the Dungeon.
You worshipped Trog.
Trog was most pleased with you.
You visited 2 branches of the dungeon, and saw 9 of its levels.

You collected 428 gold pieces.

Inventory:

Hand Weapons
 d - a +0 dire flail
 k - the +4 flail of Wyrd (weapon) {freeze, rPois rC- Stlth+}
   (You found it on level 7 of the Dungeon)

   It freezes those it strikes, dealing additional cold damage.
   It can also slow down cold-blooded creatures.
   rC:        It makes you vulnerable to cold.
   rPois:     It protects you from poison.
   Stlth:     It makes you more stealthy.
 s - a +0 vorpal flail
Missiles
 g - a throwing net
 p - a silver boomerang
 t - 26 poisoned darts (quivered)
Armour
 b - a +0 buckler (worn)
 n - a +0 pair of boots (worn)
 z - a +2 scale mail of poison resistance (worn)
Jewellery
 h - a ring of protection from cold (left hand)
 i - a ring of positive energy (right hand)
Wands
 e - a wand of digging (7)
 u - a wand of iceblast (10)
 B - a wand of flame (16)
Scrolls
 a - a scroll of amnesia {unknown}
 c - a scroll of fog
 l - 4 scrolls of magic mapping
 r - 2 scrolls of teleportation {unknown}
 v - a scroll of enchant weapon {unknown}
 w - a scroll of poison {unknown}
 y - a scroll of blinking {unknown}
 A - 2 scrolls of vulnerability {unknown}
 C - a scroll of immolation {unknown}
Potions
 f - 3 potions of resistance
 j - 2 potions of curing
 m - 2 potions of flight
 o - a potion of might {unknown}
 q - a potion of mutation {unknown}
 x - a potion of ambrosia {unknown}


   Skills:
 + Level 10.5 Fighting
 - Level 2.4 Short Blades
 + Level 12.1 Maces & Flails
 - Level 5.0 Armour
 - Level 1.0 Stealth
 - Level 1.3 Spellcasting
 - Level 1.2 Evocations


You had 11 spell levels left.
You didn't know any spells.
Your spell library was empty.

Dungeon Overview and Level Annotations

Branches:
Dungeon (8/15)             Temple (1/1) D:5
   Lair: D:8-11

Altars:
Ashenzari
Fedhas
Nemelex Xobeh
Trog
Uskayaw
Vehumet
Xom
Zin
The Shining One

Shops:
D:6 =


Innate Abilities, Weirdness & Mutations

You passively map the area around you.
You are easily found by Zot.
You glow in the dark.
You regain HP and MP as you explore.


Message History

You hit the deep troll. You freeze the deep troll.
The deep troll is severely wounded.
The bullfrog hits you but does no damage.
The deep troll bites you but does no damage.
The deep troll claws you but does no damage.
The deep troll completely misses you.
You sock the bullfrog!
The bullfrog seems to slow down.
You freeze the bullfrog.
The bullfrog is heavily wounded.
You feel the effects of Trog's Hand fading.
The bullfrog hits you. The deep troll bites you.
The deep troll claws you but does no damage.
The deep troll claws you! The deep troll bites you!!
You block the deep troll's attack. The deep troll claws you.
You bludgeon the bullfrog!!
The bullfrog seems to slow down.
You freeze the bullfrog.
You kill the bullfrog!
Trog accepts your kill.
You see here a +0 shortbow.
You bludgeon the deep troll!! You freeze the deep troll!
You kill the deep troll!
Trog accepts your kill.
Your Fighting skill increases to level 10!
Your Maces & Flails skill increases to level 12!
You are no longer berserk.
You are exhausted.
You feel yourself slow down. The deep troll bites you!
The deep troll claws you but does no damage.
The deep troll closely misses you.
You closely miss the deep troll. The deep troll bites you!!
The deep troll claws you!
* * * LOW HITPOINT WARNING * * *
The deep troll claws you!
* * * LOW HITPOINT WARNING * * *
You hit the deep troll. You freeze the deep troll.
The deep troll is lightly wounded.
You block the deep troll's attack. The deep troll misses you.
The deep troll claws you but does no damage.
The deep troll bites you!
You die...

#.....# , ,
#.....+ * , ,
#.....#, **
#.....# , * * ,
, #.....#######
#...........#,
, #..........#*
, #....#)#...#
#...##@##,.#,,,
, #..##.T.# , ,
* #.##.....#***
, , ,
#.#.......# * *
#.#.......# , *
#<#.......#
#.#.......# , ,
* , #.#.......#
, ####.....## ,


You could see a deep troll.

Vanquished Creatures
  A deep troll (D:8)
  Menkaure (D:4)
  Edmund (D:4)
  An orc warrior (D:7)
  2 ogres
  2 centaurs
  2 kobold brigands
  2 bullfrogs
  A scorpion (D:6)
  A gnoll sergeant (D:7)
  16 wights
  9 hounds
  2 orc priests (D:7)
  2 iguanas
  3 orc wizards (D:7)
  11 gnolls
  8 adders
  A shadow imp (D:5)
  2 dart slugs
  9 orcs
  A bat (D:2)
  3 endoplasms
  3 giant cockroaches
  5 hobgoblins
  A jackal (D:4)
  2 quokkas
  3 ball pythons
  A frilled lizard (D:3)
  11 kobolds
  A rat (D:3)
108 creatures vanquished.

Vanquished Creatures (collateral kills)
  An ogre (D:6)
  A shadow imp (D:6)
  A white imp (D:6)
3 creatures vanquished.

Grand Total: 111 creatures vanquished

Notes
Turn   | Place    | Note
-------+----------+-------------------------------------------
     0 | D:1      | testman the Meteoran Wanderer began the quest for the Orb.
     0 | D:1      | testman set off with the following items: a +0 short sword,
                  | a +2 scale mail, a scroll of fog, a scroll of summoning
     0 | D:1      | Reached XP level 1. HP: 16/16 MP: 3/3
   139 | D:1      | Reached XP level 2. HP: 23/23 MP: 5/5
   201 | D:1      | Reached skill level 5 in Armour
   281 | D:2      | Found a faded altar of an unknown god.
   284 | D:2      | Prayed at the altar of an unknown god.
   284 | D:2      | Became a worshipper of Trog the Wrathful
   284 | D:2      | Reached * piety under Trog
   336 | D:2      | Found a radiant altar of Vehumet.
   536 | D:3      | Reached skill level 1 in Maces & Flails
   536 | D:3      | Reached XP level 3. HP: 15/29 MP: 6/6
   595 | D:4      | Noticed Menkaure
   595 | D:4      | Found the +4 dagger "Morg" {pain, Will+ Int+5}
   652 | D:5      | Entered Level 5 of the Dungeon
   660 | D:5      | Found a staircase to the Ecumenical Temple.
   685 | D:4      | Found a hide-covered altar of Uskayaw.
   720 | D:4      | Killed Menkaure
   721 | D:4      | Reached skill level 3 in Maces & Flails
   721 | D:4      | Reached XP level 4. HP: 31/40 MP: 7/7
   721 | D:4      | Reached XP level 5. HP: 36/46 MP: 8/8
   727 | D:4      | Reached skill level 4 in Maces & Flails
   727 | D:4      | Reached XP level 6. HP: 36/52 MP: 9/9
   899 | D:4      | Noticed Edmund
   910 | D:4      | Killed Edmund
   911 | D:4      | Reached skill level 5 in Maces & Flails
   911 | D:4      | Reached XP level 7. HP: 60/60 MP: 10/10
   956 | D:4      | Reached skill level 5 in Fighting
   971 | D:4      | Reached ** piety under Trog
  1317 | D:5      | Reached skill level 6 in Maces & Flails
  1387 | D:5      | Reached XP level 8. HP: 49/70 MP: 11/11
  1408 | Temple   | Entered the Ecumenical Temple
  1584 | D:5      | Reached skill level 7 in Maces & Flails
  1617 | D:5      | Found a broken altar of Ashenzari.
  1791 | D:6      | Reached skill level 8 in Maces & Flails
  1811 | D:6      | Gained mutation: You passively map the area around you.
                  | [Meteoran growth]
  1811 | D:6      | Reached XP level 9. HP: 34/79 MP: 12/12
  1820 | D:6      | Reached skill level 9 in Maces & Flails
  2021 | D:6      | Found Geuna's Jewellery Shop.
  2237 | D:7      | HP: 6/123 [ogre/+0 giant club (17)]
  2245 | D:7      | Reached skill level 10 in Maces & Flails
  2347 | D:7      | Identified the +4 flail of Wyrd {freeze, rPois rC- Stlth+}
  2373 | D:7      | Reached *** piety under Trog
  2488 | D:7      | Reached skill level 11 in Maces & Flails
  2490 | D:7      | Reached XP level 10. HP: 74/91 MP: 13/13
  2515 | D:7      | Found a blossoming altar of Fedhas.
  2564 | D:8      | Noticed a deep troll
  2565 | D:8      | Noticed a deep troll
  2578 | D:8      | Killed a deep troll
  2579 | D:8      | Reached skill level 10 in Fighting
  2579 | D:8      | Reached skill level 12 in Maces & Flails
  2581 | D:8      | Slain by a deep troll

Illustrated notes

Levels and vault maps discovered:
D:1:      minmay_arrival_checkered_box, layout_basic
D:2:      layout_basic, basic_altar, basic_ecumenical_altar
D:3:      layout_basic, okawaru_altar_gauntlet_db, jmf_multi_god_temple
D:4:      layout_rooms, nicolae_overflow_crystal_walls,
          nicolae_elyvilon_peaceful_grove, st_stairs_14, eino_tiny_chamber,
          wad_rectangle_vault, uniq_menkaure, uniq_edmund
D:5:      layout_gridville, pf_just_have_faith, minmay_temple_entry_large_hall
D:6:      layout_basic, grunt_ministairs_9, st_stairs_9, grunt_decor_arrowhead,
          minmay_shop_enchanted_jewellery, serial_park_tiny_pond
D:7:      kennysheep_housing_project, layout_basic,
          mainiacjoe_overflow_alcove_2, gammafunk_ghost_berserking_beasts,
          hangedman_abyss_or_decor_lesser_grid
D:8:      layout_gridville, grunt_lair_entry_orc_guard_hut, enter_bailey_3,
          hellmonk_guarded_unrand_vitality_bloodlust
Temple:   zaba_magenta_temple

Skill      XL: |  1  2  3  4  5  6  7  8  9 10 |
---------------+-------------------------------+-----
Armour         | 5 |  5.0
Fighting       | 2 3 4 6 7 9 10 | 10.5
Maces & Flails | 1 3 4 5 6 8 11 12 | 12.1
Short Blades   | |  2.4
Stealth        | |  1.0
Spellcasting   | |  1.3
Evocations     | |  1.2

Action                   |  1- 3 |  4- 6 |  7- 9 | 10-12 || total
-------------------------+-------+-------+-------+-------++-------
Melee: Short sword       |    31 |       |       |       ||    31
       Flail             |    41 |    18 |   256 |    19 ||   334
       Punch             |       |       |     1 |       ||     1
Throw: Dart              |       |     5 |     1 |       ||     6
       Boomerang         |       |       |     1 |       ||     1
Invok: Berserk           |     2 |     1 |     8 |     1 ||    12
       Trog's Hand       |       |       |     6 |     1 ||     7
  Use: Scroll            |     3 |       |     3 |       ||     6
       Potion            |       |       |     1 |       ||     1
Armor: Scale mail        |    41 |     9 |   145 |    12 ||   207
Dodge: Dodged            |    20 |     1 |   127 |     7 ||   155
Block: Buckler           |       |       |    12 |     2 ||    14

Table legend: (Time is in decaauts)
 A = Elapsed time spent in this place.
 B = Non-inter-level travel time spent in this place.
 C = Inter-level travel time spent in this place.
 D = Time resting spent in this place.
 E = Time spent auto-exploring this place.
 F = Levels seen in this place.
 G = Mean time per level.
                   A        B        C        D        E       F      G
               +--------+--------+--------+--------+--------+-----+--------+
         Total |   2677 |   2554 |    123 |    396 |    641 |   9 |  297.4 |
       Dungeon |   2675 |   2552 |    123 |    396 |    641 |   8 |  334.4 |
        Temple |      1 |      1 |      0 |      0 |      0 |   1 |    1.0 |
               +--------+--------+--------+--------+--------+-----+--------+

Top non-repeatable levels by time:
     D:4: 653 daAuts
     D:6: 548 daAuts
     D:5: 401 daAuts
     D:7: 389 daAuts
     D:1: 282 daAuts
     D:2: 225 daAuts
     D:3: 154 daAuts
     D:8: 21 daAuts
  Temple: 1 daAuts
